Map: 10000 Feet LE

Players

naane - Winner!

  • Race: Protoss Protoss
  • Spawn Location: 11:00

VOD

Have the link to the VOD?

Description

Time

  • Played on: Aug. 22, 2026, 10:42 a.m.
  • Length: 14:46
Show
View Real Time Build Order
Export as new Build Order

naane Protoss - Winner!

Build Orders:  

Get SALT Encoding   

  8  0:00  Probe (Chrono Boost)  
  9  0:14  Probe (Chrono Boost)  
  10  0:25  Probe (Chrono Boost)  
  11  0:42  Probe (Chrono Boost)  
  11  0:49  Pylon  
  12  0:59  Probe (Chrono Boost)  
  13  1:17  Probe (Chrono Boost)  
  14  1:30  Gateway, Probe (Chrono Boost)  
  15  1:42  Probe (Chrono Boost)  
  15  1:46  Assimilator  
  16  1:54  Probe (Chrono Boost)  
  17  2:07  Pylon  
  18  2:11  Probe (Chrono Boost)  
  18  2:28  Probe (Chrono Boost)  
  19  2:35  Forge  
  19  2:45  Probe (Chrono Boost), Assimilator  
  20  2:50  Zealot  
  23  3:02  Probe (Chrono Boost)  
  23  3:14  Pylon  
  23  3:18  Probe (Chrono Boost)  
  24  3:35  Probe (Chrono Boost)  
  24  3:37  Zealot  
  24  3:38  Protoss Ground Weapons Level 1  
  27  3:55  Probe (Chrono Boost)  
  27  3:57  Cybernetics Core  
  28  4:06  Probe (Chrono Boost)  
  29  4:21  Probe (Chrono Boost)  
  30  4:40  Zealot  
  32  4:51  Nexus  
  33  5:00  Probe (Chrono Boost)  
  31  5:16  Probe  
  31  5:18  Pylon  
  32  5:33  Probe  
  33  5:50  Probe  
  33  5:59  Gateway  
  34  6:01  Gateway  
  34  6:04  Gateway  
  34  6:06  Probe (Chrono Boost)  
  35  6:12  Warp Gate (Chrono Boost)  
  35  6:13  Pylon  
  35  6:18  Probe (Chrono Boost)  
  35  6:19  Zealot  
  36  7:04  Probe (Chrono Boost)  
  39  7:14  Probe (Chrono Boost)  
  39  7:16  Probe (Chrono Boost)  
  40  7:31  Probe (Chrono Boost)  
  40  7:47  Gateway  
  40  7:48  Probe (Chrono Boost), Gateway  
  42  7:51  Gateway, Probe (Chrono Boost)  
  42  7:52  Gateway  
  42  7:58  Stalker x2  
  42  7:59  Stalker x2  
  50  8:05  Probe (Chrono Boost)  
  50  8:08  Probe (Chrono Boost)  
  52  8:34  Twilight Council  
  52  8:50  Probe (Chrono Boost)  
  52  8:51  Probe (Chrono Boost)  
  50  9:00  Assimilator  
  50  9:03  Assimilator  
  50  9:07  Probe (Chrono Boost)  
  50  9:08  Probe (Chrono Boost)  
  52  9:15  Nexus  
  50  9:24  Probe (Chrono Boost)  
  50  9:25  Probe (Chrono Boost)  
  48  9:46  Pylon  
  48  9:47  Stalker  
  48  9:48  Stalker x3  
  54  10:08  Protoss Ground Weapons Level 2  
  54  10:09  Probe x2 (Chrono Boost)  
  56  10:23  Probe (Chrono Boost)  
  56  10:26  Probe (Chrono Boost)  
  58  10:34  Probe (Chrono Boost)  
  59  10:40  Gateway  
  59  10:48  Stalker x2  
  59  10:49  Stalker x3  
  69  10:50  Stalker x2  
  71  11:19  Charge  
  67  11:23  Stalker  
  67  11:24  Stalker x4  
  67  11:27  Pylon  
  73  11:32  Pylon  
  73  11:35  Pylon  
  73  11:49  Probe (Chrono Boost)  
  74  11:56  Pylon  
  74  11:57  Pylon  
  74  12:05  Probe (Chrono Boost)  
  75  12:10  Gateway  
  75  12:11  Gateway  
  75  12:14  Gateway  
  75  12:19  Stalker x2  
  79  12:21  Pylon  
  79  12:22  Zealot, Probe (Chrono Boost)  
  79  12:24  Pylon  
  79  12:27  Pylon  
  82  12:30  Pylon  
  82  13:25  Nexus  
  82  13:38  Stalker  
  82  13:39  Stalker x4  
  92  13:44  Zealot x2  
  92  13:45  Zealot x2  
Tags
 
Add a new tag
Caveats
  • Supply blocks, unpowered buildings, or Contaminate may cause inaccurate times.
  • Supply counts are checked every 10 seconds.